 Dungeon Crawl Stone Soup version 0.29.0-11-gd7f09526c8 (webtiles) character file.

Game seed: 833026654393000121

14861 greasedhog the Fighter (level 12, 0/169 HPs)
             Began as a Meteoran Berserker on Sept 6, 2022.
             Was a High Priest of Trog.
             Slain by an orc
             ... wielding a +0 war axe
             ... led by an orc warlord
              (2 damage)
             ... on level 11 of the Dungeon.
             The game lasted 00:21:44 (4176 turns).

greasedhog the Fighter (Meteoran Berserker)         Turns: 4176, Time: 00:21:45

Health: 0/169      AC: 20    Str: 21    XL:     12   Next: 85%
Magic:  13/13      EV: 12    Int: 10    God:    Trog [*****.]
Gold:   533        SH:  0    Dex: 14    Spells: 11/11 levels left

rFire   . . .      SeeInvis .   H - +4 great mace (protect)
rCold   + + .      Faith    .   (shield currently unavailable)
rNeg    . . .      Spirit   .   f - +2 chain mail {Will+}
rPois   .          Reflect  .   w - +0 helmet of the Illusory Scars {+Blink rC++ Str-2 Stlth+}
rElec   .          Harm     .   A - +0 cloak
rCorr   .          Rampage  .   B - +0 pair of gloves
Will    ++++.                   o - +0 pair of boots
Stlth   ..........              (no amulet)
HPRegen 1.38/turn               k - +4 ring of slaying
MPRegen 0.13/turn               (no ring)

@: berserking, strong-willed, regenerating, glowing, very quick
A: sense surroundings 2, otherworldly, glowing, explore regen
a: Renounce Religion, Evoke Blink, Berserk, Trog's Hand, Brothers in Arms


You were on level 11 of the Dungeon.
You worshipped Trog.
Trog was extremely pleased with you.
You visited 2 branches of the dungeon, and saw 12 of its levels.
You also visited: Sewer and Bailey.

You collected 533 gold pieces.

Inventory:

Hand Weapons
 m - the +10 halberd of Massacring {venom, +Blink rC+}
   (You found it on level 10 of the Dungeon)

   It poisons the flesh of those it strikes.
   rC:        It protects you from cold.
   +Blink:    It lets you blink.
 H - a +4 great mace of protection (weapon)
Missiles
 v - 6 curare-tipped darts (quivered)
Armour
 f - a +2 chain mail of willpower (worn)
 n - a +2 helmet
 o - a +0 pair of boots (worn)
 w - the +0 helmet of the Illusory Scars (worn) {+Blink rC++ Str-2 Stlth+}
   (You found it in a bailey)

   Str:       It affects your strength (-2).
   rC:        It greatly protects you from cold.
   +Blink:    It lets you blink.
   Stlth:     It makes you more stealthy.
 A - a +0 cloak (worn)
 B - a +0 pair of gloves (worn)
Jewellery
 k - a +4 ring of slaying (left hand)
 l - a ring of fire
Wands
 x - a wand of light (7)
 E - a wand of roots (5)
Scrolls
 c - a scroll of teleportation
 d - 4 scrolls of enchant armour
 j - 2 scrolls of vulnerability
 r - 2 scrolls of poison
 t - a scroll of immolation
 y - 2 scrolls of magic mapping
 F - a scroll of silence
 I - a scroll of fear {unknown}
Potions
 a - 3 potions of brilliance {unknown}
 b - 2 potions of attraction {unknown}
 e - 5 potions of might {unknown}
 g - 3 potions of lignification {unknown}
 h - 5 potions of flight
 i - 3 potions of berserk rage {unknown}
 p - 4 potions of heal wounds {unknown}
 q - a potion of magic {unknown}
 s - a potion of resistance
 u - 4 potions of degeneration {unknown}
 z - a potion of haste {unknown}
 C - 2 potions of cancellation {unknown}
 D - a potion of invisibility {unknown}
 G - a potion of ambrosia {unknown}


   Skills:
 * Level 12.9 Fighting
 - Level 12.0 Maces & Flails
 * Level 12.8 Armour
 - Level 10.1 Dodging


You had 11 spell levels left.
You didn't know any spells.
Your spell library was empty.

Dungeon Overview and Level Annotations

Branches:
Dungeon (11/15) Zot: 2940  Temple (0/1) D:4            Lair (0/5) D:10
    Orc (1/2) D:11 Zot: 586   Sewer (visited)          Bailey (visited)

Altars:
Ashenzari
Gozag
Hepliaklqana
Nemelex Xobeh
Trog
Vehumet

Annotations:
D:5 2 runed translucent doors
D:7 2 runed translucent doors


Innate Abilities, Weirdness & Mutations

You passively map the area around you.
You are easily found by Zot.
You glow in the dark.
You regain HP and MP as you explore.


Message History

* * * LOW HITPOINT WARNING * * *
The orc hits you but does no damage. The orc hits you with a +0 war axe!
* * * LOW HITPOINT WARNING * * *
The orc wizard hits your deep troll but does no damage.
You hear a shout!
Your deep troll bites the orc wizard!!
The orc wizard dies!
Trog accepts your kill.
Trog appreciates your killing of a magic user.
The orc knight hits you but does no damage.
The orc warrior hits your deep troll with a +0 short sword!
The troll bites you but does no damage. The troll claws you.
* * * LOW HITPOINT WARNING * * *
The troll claws you.
* * * LOW HITPOINT WARNING * * *
The orc hits you but does no damage.
You climb upwards.
Welcome back to the Dungeon!
Reactivating autopickup.
There is a staircase to the Orcish Mines here.
A red film seems to cover your vision as you go berserk!
You feel yourself moving faster!
You feel mighty! The orc hits you with a +0 war axe!
* * * LOW HITPOINT WARNING * * *
The orc sorcerer hits you but does no damage.
The orc closely misses you.
The orc wizard hits you but does no damage.
The orc hits you but does no damage. The troll bites you!
* * * LOW HITPOINT WARNING * * *
The troll claws you but does no damage. The troll closely misses you.
You closely miss the orc sorcerer.
The orc sorcerer is heavily wounded.
You miss the orc sorcerer.
The orc sorcerer is heavily wounded.
The orc wizard gestures at you while chanting.
The puff of flame hits you but does no damage.
The orc sorcerer hits you but does no damage.
The orc hits you with a +0 flail.
* * * LOW HITPOINT WARNING * * *
The orc hits you with a +0 war axe.
You die...

..............##.........)[.....
#.......##....##....##..).†.)...
#.......##..........##.)†).....#
#........................##....#
#... #...................##....#
#...##........###..............#
#...............................
#.............o............##...
,#..##.........o@o..........##...
....*#.........Too..............#
##..............................#
#.........................##...#
#....##...................##...#
...... #.........................
##.........##..........##........
#.........##....##....#* .......
, ,, ** , , , ,


You could see a troll, an orc sorcerer (strong), an orc wizard (strong) and 3
orcs.

Vanquished Creatures
  2 two-headed ogres
  Nergalle (D:10)
  Pikel (D:4)
  An oklob plant (D:10)
  A cyclops (D:11)
  Maggie (D:7)
  A gargoyle (Bailey)
  A troll (D:11)
  Grinder (Sewer)
  2 slime creatures (D:8)
  2 wraiths (D:11)
  3 vampires
  Sigmund (D:3)
  20 yaks
  A human (D:11)
  2 redbacks (D:7)
  3 vampire mosquitoes (D:10)
  2 water moccasins (D:7)
  Menkaure (D:6)
  A black bear (D:7)
  5 orc warriors
  An ice beast (D:6)
  7 centaurs
  4 kobold brigands
  4 bullfrogs
  A gnoll sergeant (D:8)
  2 necrophages
  13 scorpions
  4 wights (D:9)
  15 killer bees (D:9)
  7 howler monkeys
  5 vampire bats (Bailey)
  6 wolf zombies (Bailey)
  The ghost of Splishie the Sneak, a weakling KoEn of Uskayaw (D:3)
  2 quasits (Sewer)
  6 jellies
  5 orc priests
  6 orc wizards
  3 iguanas (D:5)
  Robin (D:4)
  6 adders
  9 gnolls
  4 shadow imps
  A white imp (D:6)
  3 ufetubi (Sewer)
  An adder zombie (Sewer)
  2 worms (D:3)
  2 dart slugs
  42 orcs
  4 ball pythons
  15 endoplasms
  3 giant cockroaches
  5 hobgoblins
  A quokka (D:1)
  3 ball python simulacra (D:3)
  A bat (Sewer)
  4 frilled lizards
  15 goblins
  21 kobolds
  2 kobold zombies (Sewer)
  21 orc zombies (Bailey)
  A rat (D:1)
  A toadstool (D:8)
313 creatures vanquished.

Vanquished Creatures (collateral kills)
  An orc sorcerer (Orc:1)
  An orc wizard (Orc:1)
2 creatures vanquished.

Vanquished Creatures (others)
  6 fungi (D:8)
  3 plants (D:10)
  5 toadstools (D:8)
14 creatures vanquished.

Grand Total: 329 creatures vanquished

Notes
Turn   | Place    | Note
-------+----------+-------------------------------------------
     0 | D:1      | greasedhog the Meteoran Berserker began the quest for the
                  | Orb.
     0 | D:1      | Reached XP level 1. HP: 19/19 MP: 2/2
   120 | D:1      | Reached XP level 2. HP: 23/26 MP: 3/3
   341 | D:2      | Reached XP level 3. HP: 29/33 MP: 4/4
   364 | D:3      | Noticed Sigmund
   370 | D:3      | Killed Sigmund
   371 | D:3      | Reached skill level 5 in Fighting
   371 | D:3      | Reached XP level 4. HP: 42/42 MP: 5/5
   371 | D:3      | Reached XP level 5. HP: 48/48 MP: 6/6
   371 | D:3      | Reached XP level 6. HP: 56/56 MP: 7/7
   399 | D:3      | Found a runed translucent gate.
   439 | D:3      | Found a runed translucent gate.
   440 | D:3      | Found a runed translucent gate.
   470 | D:3      | Noticed Splishie's ghost (weakling KoEn)
   480 | D:3      | Killed Splishie's ghost
   522 | D:3      | Reached ** piety under Trog
   587 | D:3      | Found a radiant altar of Vehumet.
   612 | D:4      | Noticed Robin
   649 | D:4      | Killed Robin
   671 | D:4      | Found a staircase to the Ecumenical Temple.
   708 | D:4      | Found a glowing drain.
   713 | Sewer    | Entered a sewer
   777 | Sewer    | Reached XP level 7. HP: 61/61 MP: 8/8
   841 | Sewer    | Found a burning altar of Makhleb.
   888 | Sewer    | Reached *** piety under Trog
   913 | Sewer    | Noticed Grinder
   921 | Sewer    | Killed Grinder
   922 | Sewer    | Reached skill level 5 in Armour
   956 | Sewer    | Reached XP level 8. HP: 65/68 MP: 9/9
  1023 | D:5      | Entered Level 5 of the Dungeon
  1043 | D:5      | Found a hazy altar of Hepliaklqana.
  1207 | D:5      | Found a broken altar of Ashenzari.
  1247 | D:5      | Found a large runed translucent door.
  1247 | D:5      | Found a large runed translucent door.
  1250 | D:5      | Noticed a vampire
  1298 | D:5      | Found a large runed translucent door.
  1298 | D:5      | Found a large runed translucent door.
  1337 | D:5      | Killed a vampire
  1338 | D:5      | Reached skill level 10 in Maces & Flails
  1338 | D:5      | Reached skill level 5 in Dodging
  1338 | D:5      | Gained mutation: You passively map the area around you.
                  | [Meteoran growth]
  1338 | D:5      | Reached XP level 9. HP: 74/74 MP: 10/10
  1504 | D:4      | Noticed Pikel
  1504 | D:4      | Identified the +10 dagger "Arbiter" {vorpal, rElec}
  1509 | D:4      | Killed Pikel
  1586 | D:6      | Noticed Menkaure
  1593 | D:6      | Killed Menkaure
  1736 | D:7      | Reached XP level 10. HP: 79/81 MP: 11/11
  1802 | D:7      | Noticed Maggie
  1815 | D:7      | Killed Maggie
  1874 | D:7      | Found a runed translucent gate.
  1876 | D:7      | Found a runed translucent gate.
  1876 | D:7      | Found a runed translucent gate.
  1878 | D:7      | Found a runed translucent door.
  1878 | D:7      | Found a runed translucent door.
  1891 | D:7      | Reached **** piety under Trog
  1921 | D:7      | Reached skill level 10 in Dodging
  2286 | D:8      | Reached ***** piety under Trog
  2308 | D:7      | Reached XP level 11. HP: 95/95 MP: 12/12
  2409 | D:9      | Noticed a two-headed ogre
  2491 | D:9      | Killed a two-headed ogre
  2714 | D:9      | Reached skill level 10 in Fighting
  2760 | D:9      | Found a bloodstained altar of Trog.
  3045 | D:8      | Received a gift from Trog
  3139 | D:10     | Entered Level 10 of the Dungeon
  3139 | D:10     | Noticed Nergalle
  3146 | D:10     | Killed Nergalle
  3154 | D:10     | Reached skill level 10 in Armour
  3161 | D:10     | Found an opulent altar of Gozag.
  3267 | D:10     | Reached XP level 12. HP: 74/110 MP: 13/13
  3411 | D:10     | Found a staircase to the Lair.
  3428 | D:10     | Found a flagged portal.
  3435 | D:10     | Identified the +10 halberd of Massacring {venom, +Blink
                  | rC+}
  3439 | Bailey   | Entered a bailey
  3676 | Bailey   | Identified the +0 helmet of the Illusory Scars {+Blink rC++
                  | Str-2 Stlth+}
  3807 | D:10     | Found a sparkling altar of Nemelex Xobeh.
  3925 | D:11     | Noticed a two-headed ogre
  3942 | D:11     | Killed a two-headed ogre
  4093 | D:11     | Found a staircase to the Orcish Mines.
  4124 | Orc:1    | Entered Level 1 of the Orcish Mines
  4124 | Orc:1    | Noticed an orc knight
  4131 | Orc:1    | Noticed an orc warlord
  4135 | Orc:1    | Noticed a sixfirhy
  4174 | D:11     | HP: 4/169 [troll[an orc warlord] (9)]
  4176 | D:11     | Slain by an orc

Illustrated notes

Levels and vault maps discovered:
D:1:      nagdon_arrival_double_spiral, layout_basic, serial_shops, shop,
          minmay_cupped
D:2:      layout_loops_ring
D:3:      layout_rooms, mainiacjoe_overflow_alcove_1,
          grunt_temple_overflow_open, gammafunk_ghost_icy, minivault_27,
          pf_guarded_unrand_woodcutter, uniq_sigmund
D:4:      layout_basic, good_gods_mini_temple, minmay_temple_entry_slanted,
          portal_sewer_entry_e, kennysheep_generic_room_2, uniq_robin,
          uniq_pikel, uniq_ijyb
D:5:      layout_loops_ring, lemuel_round_altar, overflow_temple_1_default,
          minmay_hollow_rounded_squares
D:6:      layout_basic, nicolae_uskayaw_murder_on_the_dancefloor,
          okawaru_metal_pillars_3, uniq_grinder, uniq_menkaure
D:7:      layout_basic, minmay_guarded_unrand_staff_of_olgreb, uniq_maggie
D:8:      cheibrodos_fertilizer, layout_basic, uniq_grum
D:9:      layout_loops_ring, mainiacjoe_overflow_six_doors_small
D:10:     layout_irregular_city, mainiacjoe_overflow_tiny_flanked,
          nicolae_overflow_crystal_walls, dpeg_oklobed_lair, enter_bailey_2,
          uniq_nergalle
D:11:     layout_rooms, erik_orc_4, minmay_rotating_lava
Orc:1:    layout_caves

Skill      XL: |  1  2  3  4  5  6  7  8  9 10 11 12 |
---------------+-------------------------------------+-----
Fighting       | 5 8 11 12 | 12.9
Maces & Flails | 6 7 8 10 12 | 12.0
Armour         | 3 5 6 7 10 12 | 12.8
Dodging        | 5 7 10 | 10.1

Action                   |  1- 3 |  4- 6 |  7- 9 | 10-12 || total
-------------------------+-------+-------+-------+-------++-------
Melee: Mace              |    49 |    96 |    98 |       ||   243
       Punch             |     1 |     2 |     1 |     6 ||    10
       Flail             |       |       |    50 |   280 ||   330
       Great mace        |       |       |       |   279 ||   279
Invok: Berserk           |     2 |       |     5 |     6 ||    13
       Trog's Hand       |       |       |       |     4 ||     4
       Brothers in Arms  |       |       |       |     1 ||     1
  Use: Scroll            |     5 |       |       |    10 ||    15
Armor: Ring mail         |    26 |     3 |       |       ||    29
       Chain mail        |       |    40 |   146 |   446 ||   632
Dodge: Dodged            |    27 |    32 |   106 |   350 ||   515
